AoeStats
← LE | Asav

Hideout

508591161Analyzed
1v1 RM · 8d ago on Sep 23, 2026· 27m 49s· 2 players
Game mode
Random Map
Map size
Tiny (2 player)
Population
200
Speed
Normal
Resources
Standard
Victory
Conquest
Starting age
Dark Age
Ending age
Imperial Age
RankedLock teamsTeams togetherTeam positionsShared explorationLock speedFull tech treeHidden civsTurbo modeCheats
Victory
Defeat
🇵🇪 Poles · Peru
1884
+16
🇨🇳 Varangians · China
1888
-16
LE | Asav
6:19 Loom
8:53 Feudal Age
9:36 Double-Bit Axe
11:17 Town Watch
11:16 Horse Collar
20:29 Castle Age
19:41 Forging
21:52 Bow Saw
21:43 Heavy Plow
22:15 Gold Mining
23:36 Scale Barding Armor
25:21 Bloodlines
26:54 Chain Barding Armor
fydcq
10:03 Feudal Age
9:38 Loom
14:27 Castle Age
13:19 Double-Bit Axe
27:42 Wheelbarrow
Connection lost

Rejoining the realm…

Still unreachable

The connection could not be restored.

Session expired

The server has moved on; the page needs a fresh start.